General information
			
			
        
        - name: BNet
 
        - type: Ladder team game (AT/RT)
 
        - host: Battle.net
 
        - saver: timG4strok
 
        
map: Deadlock 
        - players: 8
 
        - length: 26:21
 
        - speed: Fast
 - version: 1.22 W3XP
 - replay type:  

 
» download(338 KB)
Players
        team 1 (winner) 
              
              
298739283939208 (
orange | 100 APM | 2635 actions | 26:20)
              
 6 Archmage 
 2 Summon Water Elemental
 2 Brilliance Aura
 2 Blizzard
 4 Pit Lord 
 2 Rain of Fire
 2 Howl of Terror
 3 Blood Mage 
 2 Flame Strike
 1 Siphon Mana
 
                » actions 
                
                | Assign group hotkey | 55 |  | 
| Basic commands | 9 |  | 
| Build / train | 107 |  | 
| ESC pressed | 5 |  | 
| Enter build submenu | 39 |  | 
| Enter hero's abilities submenu | 14 |  | 
| Give item / drop item | 6 |  | 
| Remove unit from queue | 2 |  | 
| Right click | 873 |  | 
| Select / deselect | 427 |  | 
| Select group hotkey | 963 |  | 
| Use ability | 135 |  | 
                2635 total
 » units 
                
                | Peasant | 18 |  | 
| Footman | 7 |  | 
| Gryphon Rider | 9 |  | 
| Dragonhawk Rider | 2 |  | 
                36 total
 » upgrades
                
                | Storm Hammers | 1 |  | 
| Swords | 3 |  | 
| Armor | 3 |  | 
| Animal War Training | 1 |  | 
| Cloud | 1 |  | 
                9 total
 » buildings
                
                | Altar of Kings | 1 |  | 
| Farm | 9 |  | 
| Barracks | 1 |  | 
| Scout Tower | 16 |  | 
| Arcane Tower | 2 |  | 
| Arcane Vault | 1 |  | 
| Town Hall | 2 |  | 
| Lumber Mill | 1 |  | 
| Guard Tower | 10 |  | 
| Keep | 1 |  | 
| Castle | 1 |  | 
| Blacksmith | 1 |  | 
| Gryphon Aviary | 2 |  | 
                48 total
 » build order
                00:08 Altar of Kings
00:14 Farm
00:16 Barracks
01:29 Farm
01:42 Scout Tower
02:13 Arcane Tower
02:44 Farm
02:58 Arcane Vault
04:36 Town Hall
04:41 Scout Tower
04:43 Scout Tower
05:07 Scout Tower
05:10 Scout Tower
05:29 Lumber Mill
05:43 Arcane Tower
05:46 Scout Tower
06:09 Guard Tower
06:19 Guard Tower
06:24 Guard Tower
06:27 Scout Tower
06:59 Keep
07:26 Scout Tower
07:33 Scout Tower
07:36 Scout Tower
07:40 Scout Tower
07:46 Scout Tower
07:57 Guard Tower
08:14 Guard Tower
08:28 Guard Tower
08:51 Scout Tower
09:59 Guard Tower
10:00 Guard Tower
10:02 Guard Tower
10:13 Town Hall
10:19 Scout Tower
10:21 Scout Tower
10:25 Scout Tower
10:32 Castle
10:34 Guard Tower
10:38 Farm
11:58 Blacksmith
12:24 Gryphon Aviary
12:26 Gryphon Aviary
13:12 Farm
13:14 Farm
13:15 Farm
17:42 Farm
18:26 Farm
» items
                
                | Potion of Healing | 7 |  | 
| Rod of Necromancy | 1 |  | 
| Scroll of Regeneration | 4 |  | 
| Ivory Tower | 3 |  | 
| Scroll of Town Portal | 7 |  | 
| Tome of Retraining | 1 |  | 
| Potion of Lesser Invulnerability | 1 |  | 
| Lesser Clarity Potion | 2 |  | 
| Potion of Mana | 1 |  | 
| Orb of Fire | 1 |  | 
                28 total
  
               
              
              
BirdmanDoes4s (
red | 101 APM | 2648 actions | 26:20)
              
 5 Death Knight 
 3 Death Coil
 2 Unholy Aura
 3 Lich 
 2 Frost Nova
 1 Dark Ritual
 2 Dreadlord 
 1 Sleep
 1 Carrion Swarm
 
                » actions 
                
                | Assign group hotkey | 30 |  | 
| Basic commands | 174 |  | 
| Build / train | 71 |  | 
| Enter build submenu | 19 |  | 
| Enter hero's abilities submenu | 10 |  | 
| Right click | 1264 |  | 
| Select / deselect | 415 |  | 
| Select group hotkey | 558 |  | 
| Use ability | 106 |  | 
                2648 total
 » units 
                
                | Acolyte | 7 |  | 
| Ghoul | 4 |  | 
| Crypt Fiend | 4 |  | 
| Frost Wyrm | 9 |  | 
| Razormane Medicine Man | 1 |  | 
                25 total
 » upgrades
                
                | Web | 1 |  | 
| Creature Attack | 3 |  | 
| Creature Carapace | 3 |  | 
                7 total
 » buildings
                
                | Crypt | 1 |  | 
| Graveyard | 1 |  | 
| Altar of Darkness | 1 |  | 
| Ziggurat | 7 |  | 
| Tomb of Relics | 1 |  | 
| Nerubian Tower | 1 |  | 
| Halls of the Dead | 1 |  | 
| Spirit Tower | 4 |  | 
| Black Citadel | 1 |  | 
| Necropolis | 1 |  | 
| Sacrificial Pit | 1 |  | 
| Boneyard | 2 |  | 
                22 total
 » build order
                00:05 Crypt
00:19 Graveyard
00:42 Altar of Darkness
00:58 Ziggurat
01:25 Tomb of Relics
02:02 Ziggurat
03:27 Nerubian Tower
05:04 Halls of the Dead
06:03 Ziggurat
06:04 Ziggurat
06:05 Ziggurat
06:56 Spirit Tower
07:16 Spirit Tower
07:17 Ziggurat
07:37 Black Citadel
08:23 Necropolis
08:24 Spirit Tower
08:59 Spirit Tower
09:26 Sacrificial Pit
10:18 Boneyard
10:30 Boneyard
19:09 Ziggurat
» items
                
                | Rod of Necromancy | 3 |  | 
| Scroll of Town Portal | 3 |  | 
| Potion of Mana | 6 |  | 
| Orb of Corruption | 2 |  | 
| Scroll of Healing | 1 |  | 
| Scroll of Protection | 1 |  | 
| Lesser Clarity Potion | 1 |  | 
| Orb of Lightning | 1 |  | 
| Potion of Healing | 1 |  | 
                19 total
  
               
              
              
KNIFE]NOOBELF (
yellow | 90 APM | 2361 actions | 26:20)
              
 6 Archmage 
 3 Summon Water Elemental
 2 Brilliance Aura
 1 Mass Teleport
 3 Mountain King 
 2 Storm Bolt
 1 Thunder Clap
 2 Paladin 
 1 Holy Light
 1 Divine Shield
 
                » actions 
                
                | Assign group hotkey | 94 |  | 
| Basic commands | 60 |  | 
| Build / train | 98 |  | 
| Enter build submenu | 27 |  | 
| Enter hero's abilities submenu | 11 |  | 
| Give item / drop item | 1 |  | 
| Right click | 1207 |  | 
| Select / deselect | 314 |  | 
| Select group hotkey | 426 |  | 
| Use ability | 123 |  | 
                2361 total
 » units 
                
                | Peasant | 38 |  | 
| Footman | 6 |  | 
| Rifleman | 6 |  | 
| Mortar Team | 6 |  | 
                56 total
 » upgrades
                
                | Lumber Harvesting | 2 |  | 
| Gunpowder | 2 |  | 
| Masonry | 1 |  | 
| Barrage | 1 |  | 
                6 total
 » buildings
                
                | Altar of Kings | 3 |  | 
| Barracks | 1 |  | 
| Farm | 6 |  | 
| Lumber Mill | 2 |  | 
| Scout Tower | 9 |  | 
| Town Hall | 3 |  | 
| Arcane Vault | 1 |  | 
| Arcane Tower | 1 |  | 
| Keep | 1 |  | 
| Blacksmith | 1 |  | 
| Guard Tower | 4 |  | 
| Castle | 1 |  | 
| Workshop | 2 |  | 
                35 total
 » build order
                00:11 Altar of Kings
00:16 Altar of Kings
00:29 Barracks
00:37 Farm
01:17 Farm
01:59 Farm
02:05 Lumber Mill
02:35 Farm
03:40 Scout Tower
04:02 Town Hall
04:43 Arcane Vault
05:01 Arcane Tower
05:24 Keep
06:38 Town Hall
06:40 Scout Tower
06:42 Scout Tower
06:43 Scout Tower
06:44 Scout Tower
06:46 Scout Tower
07:06 Blacksmith
07:38 Guard Tower
08:19 Guard Tower
09:08 Guard Tower
09:47 Scout Tower
09:49 Scout Tower
09:51 Scout Tower
10:22 Guard Tower
11:50 Castle
12:31 Workshop
12:41 Workshop
12:46 Farm
12:47 Farm
17:20 Altar of Kings
18:54 Lumber Mill
23:35 Town Hall
» items
                
                | Scroll of Regeneration | 1 |  | 
| Scroll of Town Portal | 5 |  | 
| Lesser Clarity Potion | 2 |  | 
| Potion of Healing | 1 |  | 
| Scroll of Speed | 1 |  | 
| Tiny Great Hall | 2 |  | 
| Healing Salve | 1 |  | 
                13 total
  
               
              
              
timG4strok (
green | 169 APM | 4460 actions | 26:21)
              
 4 Far Seer 
 2 Feral Spirit
 2 Chain Lighting
 5 Tauren Chieftain 
 2 Endurance Aura
 3 Shockwave
 
                » actions 
                
                | Assign group hotkey | 42 |  | 
| Basic commands | 135 |  | 
| Build / train | 102 |  | 
| ESC pressed | 2 |  | 
| Enter build submenu | 19 |  | 
| Enter hero's abilities submenu | 9 |  | 
| Right click | 1869 |  | 
| Select / deselect | 476 |  | 
| Select group hotkey | 1632 |  | 
| Use ability | 174 |  | 
                4460 total
 » units 
                
                | Peon | 11 |  | 
| Grunt | 5 |  | 
| Raider | 4 |  | 
| Spirit Walker | 7 |  | 
| Tauren | 8 |  | 
| Troll Batrider | 14 |  | 
                49 total
 » upgrades
                
                | Ensnare | 1 |  | 
| Spirit Walker Training | 2 |  | 
| Pillage | 1 |  | 
| Reinforced Defenses | 1 |  | 
| Pulverize | 1 |  | 
| Armor | 1 |  | 
                7 total
 » buildings
                
                | Altar of Storms | 1 |  | 
| Orc Burrow | 7 |  | 
| Barracks | 1 |  | 
| Stronghold | 1 |  | 
| Voodoo Lounge | 1 |  | 
| Beastiary | 1 |  | 
| Fortress | 1 |  | 
| Spirit Lodge | 1 |  | 
| War Mill | 1 |  | 
| Great Hall | 2 |  | 
| Tauren Totem | 2 |  | 
| Watch Tower | 2 |  | 
                21 total
 » build order
                00:06 Altar of Storms
00:21 Orc Burrow
00:46 Barracks
01:30 Orc Burrow
02:36 Stronghold
03:14 Orc Burrow
04:22 Voodoo Lounge
05:03 Beastiary
06:49 Fortress
07:28 Spirit Lodge
08:28 Orc Burrow
08:31 Orc Burrow
09:01 War Mill
09:05 Great Hall
12:05 Tauren Totem
12:23 Watch Tower
12:26 Watch Tower
16:43 Tauren Totem
16:55 Orc Burrow
19:11 Orc Burrow
21:21 Great Hall
» items
                
                | Healing Salve | 7 |  | 
| Lesser Clarity Potion | 7 |  | 
| Scroll of Town Portal | 4 |  | 
| Orb of Lightning | 2 |  | 
| Potion of Healing | 5 |  | 
| Potion of Mana | 4 |  | 
| Scroll of Regeneration | 1 |  | 
| Scroll of Speed | 1 |  | 
                31 total
  
               team 2 (loser) 
              
              
fengforcefive (
pink | 124 APM | 3225 actions | 25:57)
              
 5 Archmage 
 1 Summon Water Elemental
 3 Brilliance Aura
 1 Blizzard
 4 Blood Mage 
 2 Flame Strike
 2 Banish
 3 Paladin 
 1 Holy Light
 2 Devotion Aura
 
                » actions 
                
                | Assign group hotkey | 63 |  | 
| Basic commands | 366 |  | 
| Build / train | 103 |  | 
| ESC pressed | 4 |  | 
| Enter build submenu | 23 |  | 
| Enter hero's abilities submenu | 13 |  | 
| Give item / drop item | 1 |  | 
| Remove unit from queue | 1 |  | 
| Right click | 766 |  | 
| Select / deselect | 1127 |  | 
| Select group hotkey | 623 |  | 
| Use ability | 134 |  | 
                3225 total
 » units 
                
                | Peasant | 14 |  | 
| Footman | 8 |  | 
| Sorceress | 7 |  | 
| Spell Breaker | 2 |  | 
| Knight | 14 |  | 
| Gryphon Rider | 4 |  | 
| Dragonhawk Rider | 4 |  | 
| Priest | 2 |  | 
                55 total
 » upgrades
                
                | Defend | 1 |  | 
| Sorceress Training | 2 |  | 
| Swords | 2 |  | 
| Animal War Training | 1 |  | 
| Cloud | 1 |  | 
| Masonry | 2 |  | 
| Priest Training | 2 |  | 
| Storm Hammers | 1 |  | 
| Lumber Harvesting | 1 |  | 
                13 total
 » buildings
                
                | Altar of Kings | 1 |  | 
| Farm | 10 |  | 
| Barracks | 1 |  | 
| Scout Tower | 3 |  | 
| Arcane Tower | 3 |  | 
| Lumber Mill | 1 |  | 
| Keep | 1 |  | 
| Arcane Vault | 1 |  | 
| Blacksmith | 1 |  | 
| Arcane Sanctum | 1 |  | 
| Castle | 1 |  | 
| Gryphon Aviary | 1 |  | 
| Town Hall | 1 |  | 
                26 total
 » build order
                00:19 Altar of Kings
00:38 Farm
00:52 Barracks
00:59 Farm
01:29 Scout Tower
01:56 Arcane Tower
01:57 Arcane Tower
01:57 Arcane Tower
01:59 Lumber Mill
02:38 Farm
03:18 Keep
03:27 Arcane Vault
04:00 Farm
05:13 Blacksmith
05:53 Arcane Sanctum
06:49 Castle
08:00 Farm
08:00 Farm
08:48 Farm
08:56 Gryphon Aviary
11:46 Town Hall
19:07 Farm
19:09 Farm
19:09 Farm
25:11 Scout Tower
25:12 Scout Tower
» items
                
                | Scroll of Regeneration | 5 |  | 
| Lesser Clarity Potion | 2 |  | 
| Scroll of Protection | 2 |  | 
| Potion of Healing | 1 |  | 
                10 total
  
               
              
              
FuNLoViNGMoNKeY (
blue | 124 APM | 3221 actions | 26:01)
              
 4 Death Knight 
 2 Death Coil
 2 Unholy Aura
 4 Lich 
 2 Frost Nova
 2 Frost Armor
 2 Crypt Lord 
 1 Impale
 1 Spiked Carapace
 
                » actions 
                
                | Assign group hotkey | 47 |  | 
| Basic commands | 193 |  | 
| Build / train | 72 |  | 
| Enter build submenu | 21 |  | 
| Enter hero's abilities submenu | 10 |  | 
| Give item / drop item | 1 |  | 
| Right click | 1056 |  | 
| Select / deselect | 561 |  | 
| Select group hotkey | 1140 |  | 
| Use ability | 119 |  | 
                3221 total
 » units 
                
                | Acolyte | 3 |  | 
| Ghoul | 2 |  | 
| Crypt Fiend | 11 |  | 
| Meatwagon | 2 |  | 
| Obsidian Statue | 6 |  | 
| Frost Wyrm | 2 |  | 
                26 total
 » upgrades
                
                | Creature Attack | 2 |  | 
| Creature Carapace | 2 |  | 
| Unholy Strength | 1 |  | 
| Destroyer Form | 1 |  | 
| Web | 1 |  | 
| Freezing Breath | 1 |  | 
                8 total
 » buildings
                
                | Crypt | 1 |  | 
| Graveyard | 1 |  | 
| Altar of Darkness | 2 |  | 
| Ziggurat | 8 |  | 
| Tomb of Relics | 1 |  | 
| Nerubian Tower | 1 |  | 
| Halls of the Dead | 3 |  | 
| Slaughterhouse | 1 |  | 
| Black Citadel | 2 |  | 
| Sacrificial Pit | 1 |  | 
| Boneyard | 1 |  | 
| Necropolis | 1 |  | 
                23 total
 » build order
                00:07 Crypt
00:09 Graveyard
00:34 Altar of Darkness
00:49 Ziggurat
01:08 Tomb of Relics
01:57 Ziggurat
02:27 Nerubian Tower
03:42 Ziggurat
04:20 Halls of the Dead
04:20 Halls of the Dead
05:02 Ziggurat
07:20 Slaughterhouse
08:47 Black Citadel
09:04 Ziggurat
09:05 Ziggurat
09:06 Ziggurat
09:59 Sacrificial Pit
10:14 Ziggurat
11:34 Boneyard
23:38 Altar of Darkness
24:16 Necropolis
» items
                
                | Rod of Necromancy | 5 |  | 
| Scroll of Town Portal | 2 |  | 
| Orb of Corruption | 1 |  | 
| Potion of Healing | 1 |  | 
                9 total
  
               
              
              
Lagger (
purple | 244 APM | 6377 actions | 26:10)
              
 4 Archmage 
 2 Blizzard
 2 Brilliance Aura
 3 Blood Mage 
 1 Flame Strike
 2 Siphon Mana
 1 Paladin 
 1 Holy Light
 
                » actions 
                
                | Assign group hotkey | 72 |  | 
| Basic commands | 211 |  | 
| Build / train | 139 |  | 
| ESC pressed | 1 |  | 
| Enter build submenu | 28 |  | 
| Enter hero's abilities submenu | 9 |  | 
| Remove unit from queue | 9 |  | 
| Right click | 1727 |  | 
| Select / deselect | 769 |  | 
| Select group hotkey | 3327 |  | 
| Use ability | 85 |  | 
                6377 total
 » units 
                
                | Peasant | 15 |  | 
| Rifleman | 11 |  | 
| Mortar Team | 4 |  | 
| Flying Machine | 38 |  | 
| Footman | -1 |  | 
                67 total
 » upgrades
                
                | Gunpowder | 3 |  | 
| Long Rifles | 1 |  | 
| Lumber Harvesting | 2 |  | 
| Armor | 1 |  | 
| Flak Cannons | 1 |  | 
| Fragmentation Shards | 1 |  | 
                9 total
 » buildings
                
                | Blacksmith | 1 |  | 
| Barracks | 1 |  | 
| Altar of Kings | 1 |  | 
| Farm | 9 |  | 
| Scout Tower | 6 |  | 
| Arcane Tower | 4 |  | 
| Keep | 2 |  | 
| Arcane Vault | 1 |  | 
| Lumber Mill | 1 |  | 
| Workshop | 2 |  | 
| Castle | 4 |  | 
| Town Hall | 1 |  | 
                33 total
 » build order
                01:00 Blacksmith
01:04 Barracks
01:09 Altar of Kings
01:10 Farm
01:19 Farm
02:01 Scout Tower
02:05 Scout Tower
02:30 Farm
02:33 Arcane Tower
02:34 Arcane Tower
02:55 Farm
04:53 Scout Tower
04:54 Scout Tower
05:29 Arcane Tower
05:45 Keep
05:53 Arcane Vault
07:51 Scout Tower
07:52 Scout Tower
07:56 Farm
07:59 Lumber Mill
09:12 Workshop
09:15 Workshop
10:15 Castle
10:39 Farm
10:41 Farm
12:02 Farm
12:27 Castle
12:27 Castle
14:03 Farm
17:01 Town Hall
» items
                
                | Scroll of Regeneration | 3 |  | 
| Lesser Clarity Potion | 1 |  | 
| Staff of Sanctuary | 2 |  | 
| Scroll of Town Portal | 1 |  | 
                7 total
  
               
              
              
Shrink. (
teal | 56 APM | 1465 actions | 26:19)
              
 6 Pandaren Brewmaster 
 3 Breath of Fire
 2 Drunken Brawler
 1 Storm Earth and Fire
 3 Priestess of the Moon 
 2 Trueshot Aura
 1 Searing Arrows
 1 Paladin 
 1 Holy Light
 
                » actions 
                
                | Assign group hotkey | 2 |  | 
| Basic commands | 271 |  | 
| Build / train | 96 |  | 
| ESC pressed | 6 |  | 
| Enter build submenu | 17 |  | 
| Enter hero's abilities submenu | 10 |  | 
| Remove unit from queue | 3 |  | 
| Right click | 469 |  | 
| Select / deselect | 515 |  | 
| Select group hotkey | 4 |  | 
| Use ability | 72 |  | 
                1465 total
 » units 
                
                | Wisp | 30 |  | 
| Huntress | 5 |  | 
| Glaive Thrower | 2 |  | 
| Chimaera | 3 |  | 
| Dryad | 8 |  | 
| Hippogryph | 9 |  | 
| Archer | 1 |  | 
                58 total
 » upgrades
                
                | Moon Armor | 1 |  | 
| Strength of the Moon | 1 |  | 
| Strength of the Wild | 3 |  | 
| Vorpal Blades | 1 |  | 
| Abolish Magic | 1 |  | 
| Corrosive Breath | 1 |  | 
| Marksmanship | 1 |  | 
| Improved Bows | 1 |  | 
| Nature's Blessing | 0 |  | 
                10 total
 » buildings
                
                | Altar of Elders | 1 |  | 
| Moon Well | 5 |  | 
| Hunter's Hall | 1 |  | 
| Ancient of War | 2 |  | 
| Tree of Life | 3 |  | 
| Tree of Ages | 1 |  | 
| Ancient of Wind | 1 |  | 
| Tree of Eternity | 1 |  | 
| Chimaera Roost | 2 |  | 
| Ancient of Lore | 1 |  | 
                18 total
 » build order
                00:01 Altar of Elders
00:20 Moon Well
01:29 Hunter's Hall
02:04 Ancient of War
02:22 Ancient of War
02:40 Moon Well
03:14 Moon Well
04:01 Tree of Life
06:11 Moon Well
07:14 Tree of Ages
09:46 Ancient of Wind
09:50 Tree of Eternity
12:14 Chimaera Roost
12:17 Chimaera Roost
12:22 Ancient of Lore
13:40 Moon Well
16:48 Tree of Life
17:54 Tree of Life
» items
                
                | Scroll of Town Portal | 3 |  | 
| Boots of Speed | 1 |  | 
| Scroll of Healing | 3 |  | 
| Scroll of Regeneration | 1 |  | 
| Potion of Healing | 1 |  | 
                9 total
  
                Chat log
          (00:35 / All) timG4strok: a good luck to u and to u and to u and to U!!!!!!!
(00:46 / All) FuNLoViNGMoNKeY: your very welcome!
(00:53 / All) timG4strok: you're***
(00:55 / All) 298739283939208: you're very welcome!
(01:00 / All) FuNLoViNGMoNKeY: bad luck to you sir!
(01:01 / All) BirdmanDoes4s: no damnit
(01:28 / All) BirdmanDoes4s: man its like
(02:00 / All) BirdmanDoes4s: beijing olympics
(02:05 / All) BirdmanDoes4s: Amazing opening
(06:51 / All) 298739283939208: JUST KILL REDS EXPO
(07:23 / All) 298739283939208: mass more fiends and hunts faggot
(08:07 / All) Lagger: lol hack more
(08:10 / All) BirdmanDoes4s: yio
(10:48 / Allies) 298739283939208: GOLD
(11:03 / All) FuNLoViNGMoNKeY: wow nice hack
(14:17 / All) BirdmanDoes4s: irony
(16:08 / All) FuNLoViNGMoNKeY: bitches
(20:52 / All) BirdmanDoes4s: lol
(20:53 / All) BirdmanDoes4s: bitches
(25:54 / All) fengforcefive: gg
(26:09 / All) Lagger: gg